 Dungeon Crawl Stone Soup version 0.22-a0-274-gf8199ec (webtiles) character file.

146 toucherabbit the Magician (level 5, -1/37 HPs)
             Began as a Gnoll Wizard on Mar 14, 2018.
             Slain by a gnoll
             ... wielding a +0 whip
              (5 damage)
             ... on level 2 of the Dungeon.
             The game lasted 00:03:24 (1445 turns).

toucherabbit the Magician (Gnoll Wizard)            Turns: 1445, Time: 00:03:26

Health: -1/37      AC:  2    Str:  9    XL:     5   Next: 28%
Magic:  14/14      EV: 14    Int: 22    God:
Gold:   51         SH:  0    Dex: 13    Spells: 17/18 levels left

rFire    . . .     SeeInvis .   f - +2 mace (venom)
rCold    . . .     Gourm    .   (no shield)
rNeg     . . .     Faith    .   a - +0 robe
rPois    .         Spirit   .   b - +0 hat
rElec    .         Reflect  .   (no cloak)
rCorr    .         Harm     .   (no gloves)
MR       .....                  (no boots)
Stlth    +++.......             (no amulet)
HPRegen  0.12/turn              (no ring)
MPRegen  0.14/turn              (no ring)

@: no status effects
A: distributed training, fangs 1, strong nose
a: no special abilities


You were on level 2 of the Dungeon.
You were hungry.

You visited 1 branch of the dungeon, and saw 2 of its levels.

You collected 51 gold pieces.

Inventory:

Hand Weapons
 f - a +2 mace of venom (weapon)
 g - a +1 dagger of freezing
Armour
 a - a +0 robe (worn)
 b - a +0 hat (worn)
Scrolls
 c - 5 scrolls of identify {unknown}
 e - 4 scrolls of enchant armour {unknown}
 h - 3 scrolls of fog {unknown}
 j - 2 scrolls of fear {unknown}
 k - a scroll of remove curse {unknown}
 m - a scroll of teleportation {unknown}
 n - a scroll of magic mapping {unknown}
Potions
 i - 2 potions of resistance {unknown}
 l - a potion of cancellation {unknown}
Comestibles
 d - 4 rations


   Skills:
 + Level 1.4 Fighting
 + Level 1.4 Short Blades
 + Level 1.4 Long Blades
 + Level 1.4 Axes
 + Level 1.4 Maces & Flails
 + Level 1.4 Polearms
 + Level 1.4 Staves
 + Level 1.4 Slings
 + Level 1.4 Bows
 + Level 1.4 Crossbows
 + Level 1.4 Throwing
 + Level 1.4 Armour
 + Level 4.7 Dodging
 + Level 4.3 Stealth
 + Level 1.4 Shields
 + Level 1.4 Unarmed Combat
 + Level 7.2 Spellcasting
 + Level 2.3 Conjurations
 + Level 1.1 Hexes
 + Level 1.1 Charms
 + Level 2.3 Summonings
 + Level 1.1 Necromancy
 + Level 2.3 Translocations
 + Level 1.1 Transmutations
 + Level 1.1 Fire Magic
 + Level 1.1 Ice Magic
 + Level 1.1 Air Magic
 + Level 1.1 Earth Magic
 + Level 1.1 Poison Magic
 + Level 1.5 Invocations
 + Level 1.4 Evocations


You had 17 spell levels left.
You knew the following spells:

 Your Spells              Type           Power        Failure   Level  Hunger
a - Magic Dart            Conj           ###.         3%          1    None


Dungeon Overview and Level Annotations

Branches:
Dungeon (2/15)

Altars:


Innate Abilities, Weirdness & Mutations

Your experience applies equally to all skills.
You have very sharp teeth.
Your uncanny sense of smell can sniff out nearby items.


Message History

The gnoll hits you with a whip.
You hit the gnoll.
The gnoll is poisoned.
The gnoll is moderately wounded.
The gnoll barely misses you. x2; The gnoll hits you with a whip.
The gnoll barely misses you.
You barely miss the gnoll.
The gnoll is moderately wounded.
The gnoll hits you with a whip. The gnoll misses you. x2
The gnoll hits you but does no damage.
You hit the gnoll.
The gnoll looks as sick as possible!
The gnoll is severely wounded.
The gnoll misses you. x2; The gnoll hits you with a whip.
* * * LOW HITPOINT WARNING * * *
You hit the gnoll.
The gnoll looks as sick as possible!
Your bite misses the gnoll.
The gnoll is almost dead.
The gnoll hits you with a whip.
* * * LOW HITPOINT WARNING * * *
The gnoll hits you with a whip.
You die...

#...........#
#...
#...........#
#...
#...........#
#...
#...........#
####
###+######'## .#
#.# .# #.#
#######g### #.#
#.....@g..# #.#
#.#####g#.# #.#
#.# .# #.# #.#
## #.# #.# #.#
#.# #.# #.# ∆
#.#
#.############.#
#..............#


You could see 3 gnolls.

Vanquished Creatures
  A big kobold (D:2)
  A gnoll (D:2)
  An adder (D:2)
  An ooze (D:1)
  A worm (D:2)
  2 dart slugs
  2 leopard geckos
  2 ball pythons (D:2)
  2 bats (D:1)
  2 giant cockroaches (D:1)
  8 goblins
  7 hobgoblins
  6 kobolds
  2 frilled lizards (D:1)
  4 rats
42 creatures vanquished.

Notes
Turn   | Place    | Note
-------+----------+-------------------------------------------
     0 | D:1      | toucherabbit the Gnoll Wizard began the quest for the Orb.
     0 | D:1      | Reached XP level 1. HP: 13/13 MP: 8/8
   145 | D:1      | Reached XP level 2. HP: 16/19 MP: 10/10
   717 | D:1      | Reached XP level 3. HP: 20/25 MP: 11/11
   855 | D:2      | Reached skill level 1 in Invocations
   930 | D:2      | Noticed a big kobold
   942 | D:2      | Killed a big kobold
   942 | D:2      | Reached skill level 1 in Fighting
   942 | D:2      | Reached skill level 1 in Short Blades
   942 | D:2      | Reached skill level 1 in Long Blades
   942 | D:2      | Reached skill level 1 in Axes
   942 | D:2      | Reached skill level 1 in Maces & Flails
   942 | D:2      | Reached skill level 1 in Polearms
   942 | D:2      | Reached skill level 1 in Staves
   942 | D:2      | Reached skill level 1 in Slings
   942 | D:2      | Reached skill level 1 in Bows
   942 | D:2      | Reached skill level 1 in Crossbows
   942 | D:2      | Reached skill level 1 in Throwing
   942 | D:2      | Reached skill level 1 in Armour
   942 | D:2      | Reached skill level 1 in Shields
   942 | D:2      | Reached skill level 1 in Unarmed Combat
   942 | D:2      | Reached skill level 1 in Hexes
   942 | D:2      | Reached skill level 1 in Charms
   942 | D:2      | Reached skill level 1 in Necromancy
   942 | D:2      | Reached skill level 1 in Transmutations
   942 | D:2      | Reached skill level 1 in Fire Magic
   942 | D:2      | Reached skill level 1 in Ice Magic
   942 | D:2      | Reached skill level 1 in Air Magic
   942 | D:2      | Reached skill level 1 in Earth Magic
   942 | D:2      | Reached skill level 1 in Poison Magic
   942 | D:2      | Reached skill level 1 in Evocations
   942 | D:2      | Reached XP level 4. HP: 24/32 MP: 5/13
   942 | D:2      | Reached XP level 5. HP: 28/37 MP: 5/14
  1445 | D:2      | Slain by a gnoll

Vault maps used:
D:1:      lightli_arrival_chessboard

Skill      XL: |  1  2  3 |
---------------+----------+-----
Conjurations   | 2 |  2.3
Summonings     | 2 |  2.3
Translocations | 2 |  2.3
Invocations    | 1 |  1.5
Fighting       | 1 |  1.4
Short Blades   | 1 |  1.4
Long Blades    | 1 |  1.4
Axes           | 1 |  1.4
Maces & Flails | 1 |  1.4
Polearms       | 1 |  1.4
Staves         | 1 |  1.4
Slings         | 1 |  1.4
Bows           | 1 |  1.4
Crossbows      | 1 |  1.4
Throwing       | 1 |  1.4
Armour         | 1 |  1.4
Shields        | 1 |  1.4
Unarmed Combat | 1 |  1.4
Hexes          | 1 |  1.1
Charms         | 1 |  1.1
Necromancy     | 1 |  1.1
Transmutations | 1 |  1.1
Fire Magic     | 1 |  1.1
Ice Magic      | 1 |  1.1
Air Magic      | 1 |  1.1
Earth Magic    | 1 |  1.1
Poison Magic   | 1 |  1.1
Evocations     | 1 |  1.4
Dodging        | |  4.7
Stealth        | |  4.3
Spellcasting   | |  7.2

Action                   |  1- 3 |  4- 6 || total
-------------------------+-------+-------++-------
Melee: Mace              |    50 |    20 ||    70
       Bite              |     2 |     1 ||     3
 Cast: Magic Dart        |    28 |    12 ||    40
 Stab: Sleeping          |     7 |     3 ||    10
  Eat: Chunk             |       |     1 ||     1
Armor: Robe              |     6 |     1 ||     7
Dodge: Dodged            |    40 |    21 ||    61

Table legend:
 A = Spawn XP
 B = Non-spawn XP
 C = Spawn XP percentage of total XP
 D = Spawn monster count
 E = Non-spawn monster count
 F = Spawn count percentage of total count
 G = Total turns spent on level
                    A         B        C        D         E        F      G
               +---------+---------+-------+---------+---------+-------+---------
         Total |       0 |     209 |   0.0 |       0 |      42 |   0.0 |  1445
               +---------+---------+-------+---------+---------+-------+---------
           D:1 |       0 |      53 |   0.0 |       0 |      26 |   0.0 |   837
           D:2 |       0 |     156 |   0.0 |       0 |      16 |   0.0 |   608
               +---------+---------+-------+---------+---------+-------+---------
